 Dungeon Crawl Stone Soup version 0.28.0 (webtiles) character file.

Game seed: 12172328284659728024

2086 bearlyready the Slasher (level 9, -5/69 (74) HPs)
             Began as a Gnoll Cinder Acolyte on Feb 6, 2022.
             Was an Initiate of Ignis.
             Slain by a wraith (6 damage)
             ... on level 6 of the Dungeon.
             The game lasted 00:15:22 (8130 turns).

bearlyready the Slasher (Gnoll Cinder Acolyte)      Turns: 8130, Time: 00:15:23

HP:   -5/69 (74)    AC:  8    Str: 14    XL:     9   Next: 27%
MP:   16/16         EV: 10    Int: 17    God:    Ignis [......]
Gold: 359           SH:  0    Dex:  8    Spells: 15/18 levels left

rFire   + + .      SeeInvis .   a - +3 falchion (vamp)
rCold   + . .      Faith    .   (no shield)
rNeg    . . .      Spirit   .   F - +0 scale mail
rPois   +          Reflect  .   (no helmet)
rElec   +          Harm     .   z - +0 cloak
rCorr   +          Rampage  .   (no gloves)
Will    .....                   (no boots)
Stlth   +.........              (no amulet)
HPRegen 0.21/turn               (no ring)
MPRegen 0.15/turn               (no ring)

@: brilliant, resistant, slowed, drained, very slow
A: fangs 1, strong nose, distributed training
a: Renounce Religion


You were on level 6 of the Dungeon.
You worshipped Ignis.
Ignis was noncommittal.
You visited 1 branch of the dungeon, and saw 6 of its levels.

You collected 359 gold pieces.

Inventory:

Hand Weapons
 a - a +3 vampiric falchion (weapon)
 b - a +1 short sword of electrocution
 u - a -1 falchion of freezing
 y - a +0 mace of holy wrath
 C - a +0 hand crossbow of freezing
Missiles
 c - 194 stones
 e - 68 sling bullets
 f - 2 poisoned darts (quivered)
 h - 30 bolts
 s - 51 arrows
Armour
 v - a +0 ring mail
 z - a +0 cloak (worn)
 E - a +0 robe
 F - a +0 scale mail (worn)
Wands
 G - a wand of flame (14)
Scrolls
 g - 2 scrolls of identify
 k - 2 scrolls of brand weapon
 m - a scroll of noise
 n - a scroll of acquirement {unknown}
 o - 2 scrolls of enchant weapon
 q - 2 scrolls of fog {unknown}
 r - 2 scrolls of blinking {unknown}
 B - 3 scrolls of teleportation
 D - a scroll of enchant armour {unknown}
Potions
 d - a potion of might {unknown}
 i - a potion of magic {unknown}
 j - 2 potions of cancellation
 p - a potion of curing
 t - a potion of berserk rage {unknown}
 w - a potion of brilliance
 x - a potion of ambrosia {unknown}
 A - a potion of resistance


   Skills:
 + Level 7.8 Fighting
 + Level 4.1 Short Blades
 + Level 7.8 Long Blades
 + Level 4.1 Axes
 + Level 4.1 Maces & Flails
 + Level 4.1 Polearms
 + Level 4.1 Staves
 + Level 4.1 Slings
 + Level 4.1 Bows
 + Level 4.1 Crossbows
 + Level 4.1 Throwing
 + Level 4.1 Armour
 + Level 4.1 Dodging
 + Level 4.1 Stealth
 + Level 4.1 Shields
 + Level 4.1 Unarmed Combat
 + Level 5.0 Spellcasting
 + Level 3.3 Conjurations
 + Level 3.3 Hexes
 + Level 3.3 Summonings
 + Level 3.3 Necromancy
 + Level 3.3 Translocations
 + Level 3.3 Transmutations
 + Level 6.5 Fire Magic
 + Level 3.3 Ice Magic
 + Level 3.3 Air Magic
 + Level 3.3 Earth Magic
 + Level 3.3 Poison Magic
 + Level 4.5 Invocations
 + Level 4.1 Evocations


You had 15 spell levels left.
You knew the following spells:

 Your Spells              Type           Power      Damage    Failure   Level
a - Scorch                Fire           78%        2d8       6%          2
b - Sting                 Tmut/Pois      92%        1d7       14%         1

Your spell library contained the following spells:

 Spells                   Type           Power      Damage    Failure   Level
 Poisonous Vapours        Pois/Air       46%        N/A       22%         2
 Gell's Gravitas          Tloc           23%        N/A       38%         3
 Lesser Beckoning         Tloc           23%        N/A       38%         3
 Teleport Other           Tloc           23%        N/A       38%         3
 Olgreb's Toxic Radiance  Pois           23%        N/A       80%         4


Dungeon Overview and Level Annotations

Branches:
Dungeon (6/15)             Temple (0/1) D:6

Altars:
Trog
The Shining One

Shops:
D:2 (


Innate Abilities, Weirdness & Mutations

You have very sharp teeth.
Your uncanny sense of smell can sniff out nearby items.
Your experience applies equally to all skills.


Message History

The wraith hits you but does no damage.
You closely miss the wraith.
The wraith is heavily damaged.
The wraith hits you!
* * * LOW HITPOINT WARNING * * *
The wraith drains your vigour!
You feel yourself slow down.
You feel better. The wraith barely misses you.
You feel better. The wraith hits you.
* * * LOW HITPOINT WARNING * * *
The wraith drains your vigour!
You feel as though you will be slow longer.
The wraith barely misses you.
You barely miss the wraith.
The wraith is heavily damaged.
The wraith hits you!
* * * LOW HITPOINT WARNING * * *
The wraith drains your vigour!
You feel as though you will be slow longer.
You hit the wraith but do no damage.
The wraith is heavily damaged.
The wraith hits you.
* * * LOW HITPOINT WARNING * * *
The wraith hits you!
* * * LOW HITPOINT WARNING * * *
The wraith drains your vigour!
You feel as though you will be slow longer.
You hit the wraith but do no damage. Your bite misses the wraith.
The wraith is moderately damaged.
The wraith barely misses you.
You hit the wraith.
The wraith is heavily damaged.
The wraith barely misses you.
You hit the wraith.
The wraith is severely damaged.
The wraith hits you.
* * * LOW HITPOINT WARNING * * *
The wraith drains your vigour!
You feel as though you will be slow longer.
The wraith hits you.
You die...

########### ..........#
######### ..........#
#........ ##'###.#..#
#...... #..###)####
#....# #..#....# #W...#
'.)#....# #@.#
##)###'#########..+
##.##..........#..###
....#..........#....#
....#..........'....#
##..#..........#........
##..#..........#........
##..#..........#..#.....
.#..#....#######..+.....


You could see a wraith.

Vanquished Creatures
  Eustachio (D:4)
  A yak (D:6)
  2 steam dragons (D:6)
  A water moccasin (D:6)
  2 orc warriors (D:6)
  A sky beast (D:6)
  A necrophage (D:4)
  A phantom (D:5)
  Blork the orc (D:4)
  4 wights (D:6)
  2 bullfrog zombies
  Crazy Yiuf (D:3)
  2 jellies (D:5)
  5 hounds
  A bullfrog skeleton (D:4)
  2 gnoll shamans
  2 iguanas
  An orc wizard (D:5)
  Natasha (twice) (D:4)
  A hound zombie (D:5)
  A hound skeleton (D:4)
  Robin (D:3)
  A howler monkey skeleton (D:5)
  4 gnolls (D:6)
  6 adders
  An ufetubus (D:5)
  A worm (D:2)
  A dart slug (D:3)
  8 orcs
  5 ball pythons
  5 endoplasms
  4 giant cockroaches
  12 goblins
  14 hobgoblins
  4 jackals (D:3)
  7 quokkas
  9 bats
  4 frilled lizards
  11 kobolds
  4 rats
137 creatures vanquished.

Vanquished Creatures (others)
  A goblin (D:3)
  171 foxfires
  A plant (D:4)
173 creatures vanquished.

Grand Total: 310 creatures vanquished

Notes
Turn   | Place    | Note
-------+----------+-------------------------------------------
     0 | D:1      | bearlyready the Gnoll Cinder Acolyte began the quest for
                  | the Orb.
     0 | D:1      | Reached XP level 1. HP: 23/23 MP: 4/4
   195 | D:1      | Reached XP level 2. HP: 29/29 MP: 5/5
   828 | D:1      | Reached XP level 3. HP: 35/35 MP: 7/7
   989 | D:2      | Reached skill level 1 in Invocations
  1226 | D:2      | Reached skill level 1 in Short Blades
  1226 | D:2      | Reached skill level 1 in Axes
  1226 | D:2      | Reached skill level 1 in Maces & Flails
  1226 | D:2      | Reached skill level 1 in Polearms
  1226 | D:2      | Reached skill level 1 in Staves
  1226 | D:2      | Reached skill level 1 in Slings
  1226 | D:2      | Reached skill level 1 in Bows
  1226 | D:2      | Reached skill level 1 in Crossbows
  1226 | D:2      | Reached skill level 1 in Throwing
  1226 | D:2      | Reached skill level 1 in Armour
  1226 | D:2      | Reached skill level 1 in Dodging
  1226 | D:2      | Reached skill level 1 in Stealth
  1226 | D:2      | Reached skill level 1 in Shields
  1226 | D:2      | Reached skill level 1 in Unarmed Combat
  1226 | D:2      | Reached skill level 1 in Evocations
  1226 | D:2      | Reached XP level 4. HP: 6/41 MP: 8/8
  1648 | D:2      | Found a faded altar of an unknown god.
  1901 | D:2      | Found Xile's Weapon Shoppe.
  1981 | D:3      | Noticed Robin
  2682 | D:3      | Reached skill level 1 in Conjurations
  2682 | D:3      | Reached skill level 1 in Hexes
  2682 | D:3      | Reached skill level 1 in Summonings
  2682 | D:3      | Reached skill level 1 in Necromancy
  2682 | D:3      | Reached skill level 1 in Translocations
  2682 | D:3      | Reached skill level 1 in Transmutations
  2682 | D:3      | Reached skill level 1 in Ice Magic
  2682 | D:3      | Reached skill level 1 in Air Magic
  2682 | D:3      | Reached skill level 1 in Earth Magic
  2682 | D:3      | Reached skill level 1 in Poison Magic
  2760 | D:3      | Found a bloodstained altar of Trog.
  2783 | D:3      | You fall into a shaft and drop 3 floors!
  2788 | D:6      | Noticed an orc warrior
  2789 | D:6      | Noticed a water moccasin
  2797 | D:5      | Entered Level 5 of the Dungeon
  2816 | D:5      | Reached XP level 5. HP: 26/47 MP: 9/9
  3008 | D:5      | Reached XP level 6. HP: 41/53 MP: 10/10
  3125 | D:6      | Found a staircase to the Ecumenical Temple.
  3161 | D:6      | Noticed a steam dragon
  3162 | D:6      | Killed a water moccasin
  3170 | D:6      | Killed a steam dragon
  3171 | D:6      | Reached XP level 7. HP: 38/59 MP: 12/12
  3246 | D:6      | Noticed a yak
  3248 | D:6      | Noticed a steam dragon
  3256 | D:6      | Killed a yak
  3258 | D:6      | HP: 2/60 [steam dragon/ball of steam (5)]
  3585 | D:4      | Reached XP level 8. HP: 64/67 MP: 14/14
  3615 | D:4      | Noticed Natasha
  3621 | D:4      | Killed Natasha
  3964 | D:4      | Found a glowing golden altar of the Shining One.
  4126 | D:4      | Noticed Blork the orc
  4143 | D:4      | Killed Blork the orc
  4198 | D:4      | Noticed Natasha
  4211 | D:4      | Killed Natasha
  4429 | D:4      | Noticed Eustachio
  4467 | D:4      | Killed Eustachio
  4968 | D:3      | Killed Robin
  5229 | D:3      | Found a runed translucent door.
  5230 | D:3      | Noticed Crazy Yiuf
  5240 | D:3      | Killed Crazy Yiuf
  6610 | D:5      | Learned a level 2 spell: Scorch
  6612 | D:5      | Learned a level 1 spell: Sting
  6663 | D:6      | Reached XP level 9. HP: 36/73 MP: 16/16
  7767 | D:6      | Reached skill level 5 in Spellcasting
  8130 | D:6      | HP: 1/69 [wraith (4)]
  8130 | D:6      | Slain by a wraith

Illustrated notes

Levels and vault maps discovered:
D:1:      dpeg_arrival_three_smaller_balls, layout_rooms, nrook_uturn
D:2:      layout_rooms, serial_shops, nicolae_shop_bloodbath_and_beyond,
          shapermc_ecumenical_altar_notcrosses, st_stairs_9
D:3:      layout_basic, mainiacjoe_overflow_concentric_impassable,
          uniq_crazy_yiuf_cottage, uniq_robin
D:4:      layout_loops_corners, tso_oasis_becter, uniq_natasha,
          uniq_blork_the_orc, uniq_eustachio
D:5:      layout_loops_ring, minmay_tree_intersection
D:6:      hangedman_cross_stitches, layout_gridville,
          minmay_temple_entry_arrows, nicolae_ossuary_entry_plus

Skill      XL: |  1  2  3  4  5  6  7  8  9 |
---------------+----------------------------+-----
Invocations    | 1 2 3 4 |  4.5
Short Blades   | 1 2 3 4 |  4.1
Axes           | 1 2 3 4 |  4.1
Maces & Flails | 1 2 3 4 |  4.1
Polearms       | 1 2 3 4 |  4.1
Staves         | 1 2 3 4 |  4.1
Slings         | 1 2 3 4 |  4.1
Bows           | 1 2 3 4 |  4.1
Crossbows      | 1 2 3 4 |  4.1
Throwing       | 1 2 3 4 |  4.1
Armour         | 1 2 3 4 |  4.1
Dodging        | 1 2 3 4 |  4.1
Stealth        | 1 2 3 4 |  4.1
Shields        | 1 2 3 4 |  4.1
Unarmed Combat | 1 2 3 4 |  4.1
Evocations     | 1 2 3 4 |  4.1
Spellcasting   | 3 4 5 |  5.0
Conjurations   | 1 2 3 |  3.3
Hexes          | 1 2 3 |  3.3
Summonings     | 1 2 3 |  3.3
Necromancy     | 1 2 3 |  3.3
Translocations | 1 2 3 |  3.3
Transmutations | 1 2 3 |  3.3
Ice Magic      | 1 2 3 |  3.3
Air Magic      | 1 2 3 |  3.3
Earth Magic    | 1 2 3 |  3.3
Poison Magic   | 1 2 3 |  3.3
Fighting       | 7 |  7.8
Long Blades    | 7 |  7.8
Fire Magic     | 6 |  6.5

Action                   |  1- 3 |  4- 6 |  7- 9 || total
-------------------------+-------+-------+-------++-------
Melee: Falchion          |    97 |   110 |   351 ||   558
       Bite              |     4 |    10 |    37 ||    51
       Punch             |     1 |     2 |    10 ||    13
Throw: Dart              |       |     2 |     2 ||     4
 Cast: Scorch            |       |       |     1 ||     1
Invok: Foxfire Swarm     |     2 |     3 |     4 ||     9
       Rising Flame      |       |       |     1 ||     1
Evoke: Wand              |       |       |     2 ||     2
  Use: Scroll            |       |     5 |       ||     5
       Potion            |       |       |     9 ||     9
 Stab: Sleeping          |     1 |     1 |       ||     2
Armor: Robe              |    26 |    11 |       ||    37
       Ring mail         |       |    20 |    89 ||   109
       Skin              |       |       |    14 ||    14
       Scale mail        |       |       |    18 ||    18
Dodge: Dodged            |    49 |    52 |   193 ||   294
